 Dungeon Crawl Stone Soup version 0.18-a0-1572-g0a86841 (webtiles) character file.

2618 namelastname112 the Insei (level 9, -5/67 HPs)
             Began as a Pale Draconian Transmuter on Mar 15, 2016.
             Was a Follower of Cheibriados.
             Slain by Chiseanne's ghost (23 damage)
             ... on level 7 of the Dungeon.
             The game lasted 00:12:15 (6579 turns).

namelastname112 the Insei (DrTm)                    Turns: 6579, Time: 00:12:15

Health: -5/67      AC:  7    Str: 16 (17) XL:     9   Next: 34%
Magic:  11/18      EV: 12    Int: 15      God:    Cheibriados [*.....]
Gold:   235        SH:  0    Dex: 17 (19) Spells: 3 memorised, 10 levels left

rFire  . . .     SeeInvis .       - Unarmed
rCold  . . .     Gourm    .     (armour unavailable)
rNeg   . . .     Faith    .     (shield currently unavailable)
rPois  .         Spirit   .     (helmet restricted)
rElec  .         Dismiss  .     (no cloak)
rCorr  .         Reflect  .     (gloves currently unavailable)
SustAt .         Harm     .     (no boots)
MR     .....                    (no amulet)
Stlth  ++........               (no ring)
                                (no ring)

@: blade hands, drained, very slow, not resistant to hostile enchantments,
unstealthy
A: breathe steam, unfitting armour, agile 1, deterioration 1, strong 1,
cold-blooded, MP-powered wands, AC +7
a: Breathe Steam, End Transformation, Bend Time, Renounce Religion


You were on level 7 of the Dungeon.
You worshipped Cheibriados.
Cheibriados was aware of your devotion.
You were hungry.
You had blades for hands.
You visited 1 branch of the dungeon, and saw 7 of its levels.

You collected 235 gold pieces.

Inventory:

Missiles
 a - 98 arrows
 f - 6 arrows of flame
 r - 4 curare-tipped needles
Armour
 m - a +1 pair of gloves (melded)
Wands
 s - a wand of paralysis (23/24)
Scrolls
 g - a scroll of remove curse
 w - a scroll of teleportation
 y - a scroll of enchant armour
Potions
 d - a potion of might
 h - a potion of brilliance {unknown}
 j - 2 potions of resistance {unknown}
 k - a potion of lignification {unknown}
 o - 4 potions of curing
Books
 b - a book of Changes

   Spells                             Type                      Level
   a - Beastly Appendage              Transmutation                1
   b - Sticks to Snakes               Transmutation                2
   c - Spider Form                    Transmutation/Poison         3
   d - Ice Form                       Ice/Transmutation            4
   e - Blade Hands                    Transmutation                5
Comestibles
 c - 3 bread rations
 i - a royal jelly
 t - a meat ration
 z - 2 beef jerkies


   Skills:
 + Level 2.1(1.5) Fighting
 + Level 2.4(1.7) Dodging
 * Level 7.9(7.1) Unarmed Combat
 - Level 6.4(5.6) Spellcasting
 * Level 7.7(6.9) Transmutations
 + Level 1.3(0.6) Invocations


You had 10 spell levels left.
You knew the following spells:

 Your Spells              Type           Power        Failure   Level  Hunger
b - Blade Hands           Trmt           ####......   71%         5    ######.
c - Spider Form           Trmt/Pois      ##........   54%         3    ###....
x - Sticks to Snakes      Trmt           ####....     17%         2    #......


Dungeon Overview and Level Annotations

Branches:
Dungeon (7/15)             Temple (0/1) D:6

Altars:
Ashenzari
Cheibriados
Fedhas
Kikubaaqudgha
Nemelex Xobeh
Qazlal
Xom
Zin

Shops:
D:6 ?

Annotations:
D:7 Chiseanne's ghost, novice OgWr


Innate Abilities, Weirdness & Mutations

You can breathe blasts of scalding, opaque steam.
Your pale cyan-grey scales are hard (AC +7).
Your body does not fit into most forms of armour.
You are cold-blooded and may be slowed by cold attacks.
You are agile. (Dex +2)
Your body sometimes deteriorates upon taking damage.
Your muscles are strong. (Str +2)
You expend magic power (3 MP) to strengthen your wands.


Message History

Chiseanne's ghost is lightly damaged.
Chiseanne's ghost barely misses you.
Casting: Blade Hands
Confirm with . or Enter, or press ? or * to list all spells.
Your hands turn into razor-sharp scythe blades.
Your +1 pair of gloves melds into your body.
Chiseanne's ghost hits you!!
* * * LOW HITPOINT WARNING * * *
Drink which item? (? for menu, Esc to quit)
Okay, then.
Read which item? (? for menu, Esc to quit)
Okay, then.
Evoke which item? (* to show all) (? for menu, Esc to quit)
You have no means to grasp a wand firmly enough.
Unknown command.
Unknown command.
Okay, then.
Drink which item? (? for menu, Esc to quit)
It was a potion of curing.
You feel better. Chiseanne's ghost hits you!!
You die...

#.# #........ #.# #......h.
#.# ############## #.......K
#.# #............# #...W....
#.###.##########.# #.......K
......# #(..# #..K.....
......# #>### #..K.....
......# #.#####(#######
......# #)†@W..........
......# #######.............
#.###.# #...................
#.###+###.#####.............
#.......#.# #.............
#......)#.# ######........
#.........# #########
#.......### #.......#


You could see Chiseanne's ghost.

Vanquished Creatures
  5 yaks
  Edmund (D:5)
  A sky beast (D:5)
  3 ogres
  2 phantoms
  A big kobold (D:7)
  2 giant frogs
  A scorpion (D:6)
  9 wights
  5 hounds
  A quasit (D:7)
  2 orc priests
  2 giant frog skeletons
  An iguana (D:4)
  Jessica (D:3)
  4 orc wizards
  A worker ant (D:4)
  A hound skeleton (D:4)
  A worker ant zombie (D:7)
  4 adders
  A howler monkey skeleton (D:5)
  An ooze (D:3)
  2 worms (D:2)
  A dart slug (D:1)
  5 giant geckos
  13 orcs
  6 bats
  2 giant cockroaches
  3 goblins
  10 hobgoblins
  11 jackals
  11 kobolds
  2 quokkas
  A giant gecko skeleton (D:6)
  A giant gecko zombie (D:5)
  3 giant newts
  8 rats
129 creatures vanquished.

Vanquished Creatures (collateral kills)
  A kobold (D:2)
  A bat (D:2)
2 creatures vanquished.

Vanquished Creatures (others)
  An orc wizard (D:4)
1 creature vanquished.

Grand Total: 132 creatures vanquished

Notes
Turn   | Place    | Note
--------------------------------------------------------------
     0 | D:1      | namelastname112 the Draconian Transmuter began the quest for the Orb.
     0 | D:1      | Reached XP level 1. HP: 16/16 MP: 3/3
     0 | D:1      | epen: лол блять
     0 | D:1      | epen: что-то идёт не так?
     0 | D:1      | epen: бери дракона
     0 | D:1      | namelastname112: мне надо отдохнуть
    60 | D:1      | epen: Покури
   220 | D:1      | epen: сколько ты за день в среднем выкуриваешь?
   241 | D:1      | Reached XP level 2. HP: 20/23 MP: 5/5
   242 | D:1      | namelastname112: почти пачку
   261 | D:1      | epen: лол
   434 | D:1      | epen: прикольно тебе живётся походу
   700 | D:1      | epen: алсо
   732 | D:1      | epen: это нормально то что ты кулаками их пиздишь?
   742 | D:1      | Learned a level 2 spell: Sticks to Snakes
   742 | D:1      | namelastname112: ну да
   742 | D:1      | namelastname112: лол
   742 | D:1      | namelastname112: я же трансмутер
   760 | D:1      | Reached XP level 3. HP: 23/28 MP: 6/6
   765 | D:1      | Learned a level 3 spell: Spider Form
  1309 | D:2      | epen: а чё ты шлем на первом этаже не взял?
  1322 | D:2      | namelastname112: драконам нельзя
  1322 | D:2      | epen: а
  1322 | D:2      | namelastname112: только шапки
  1326 | D:2      | epen: окей
  1792 | D:3      | Reached XP level 4. HP: 35/35 MP: 6/8
  1897 | D:3      | epen: лол
  1913 | D:3      | epen: чё это было?
  1918 | D:3      | epen: что-то похожее на берсу
  1918 | D:3      | namelastname112: берса
  1962 | D:3      | epen: так ты же трансмутер
  1968 | D:3      | Reached XP level 5. HP: 27/40 MP: 9/9
  1979 | D:3      | epen: как ты берсать умеешь?
  1985 | D:3      | namelastname112: амулет ярости нашел
  2293 | D:3      | Reached XP level 6. HP: 47/47 MP: 9/11
  2533 | D:3      | Noticed Jessica
  2541 | D:3      | Killed Jessica
  2682 | D:3      | Found a blossoming altar of Fedhas.
  3097 | D:4      | Reached skill level 5 in Unarmed Combat
  3476 | D:4      | Your scales start taking on a pale cyan-grey colour.
  3476 | D:4      | Reached XP level 7. HP: 40/52 MP: 4/13
  3785 | D:4      | Reached skill level 5 in Transmutations
  3801 | D:4      | Found an ancient bone altar of Kikubaaqudgha.
  3802 | D:4      | Found a stormy altar of Qazlal.
  3812 | D:4      | Found a shattered altar of Ashenzari.
  3814 | D:4      | Found a sparkling altar of Nemelex Xobeh.
  3945 | D:5      | Entered Level 5 of the Dungeon
  4410 | D:5      | Noticed Edmund
  4441 | D:5      | Killed Edmund
  4595 | D:5      | Reached skill level 5 in Spellcasting
  4595 | D:5      | Reached XP level 8. HP: 59/59 MP: 15/15
  4599 | D:5      | Gained mutation: You expend magic power (3 MP) to strengthen your wands. [mutagenic meat]
  4600 | D:5      | Gained mutation: You are frail (-10% HP). [mutagenic meat]
  4601 | D:5      | Gained mutation: You are agile. (Dex +2) [mutagenic meat]
  4602 | D:5      | Gained mutation: Your body sometimes deteriorates upon taking damage. [mutagenic meat]
  4603 | D:5      | Gained mutation: Your muscles are strong. (Str +2) [mutagenic meat]
  4604 | D:5      | Lost mutation: You are frail (-10% HP). [mutagenic meat]
  5341 | D:6      | Reached XP level 9. HP: 42/64 MP: 18/18
  5487 | D:6      | Found a snail-covered altar of Cheibriados.
  5518 | D:6      | Found Jamae's Magic Scroll Shop.
  5552 | D:6      | epen: Нажми на A
  5569 | D:6      | Became a worshipper of Cheibriados the Contemplative
  5674 | D:6      | Learned a level 5 spell: Blade Hands
  5991 | D:6      | Found a staircase to the Ecumenical Temple.
  6124 | D:7      | Found a shimmering altar of Xom.
  6127 | D:7      | Noticed an angel
  6252 | D:7      | Found a glowing silver altar of Zin.
  6444 | D:7      | Reached skill level 1 in Invocations
  6526 | D:7      | Noticed Chiseanne's ghost (novice OgWr)
  6566 | D:7      | Reached * piety under Cheibriados
  6579 | D:7      | Slain by Chiseanne's ghost

Vault maps used:
D:1:      minmay_arrival_diagonal_passages
D:2:      minmay_misc_feat_iff, grunt_ministairs_14
D:3:      minmay_splitting_lines, fedhas_altar_3, uniq_jessica
D:4:      minitemple, first_bread
D:5:      uniq_edmund
D:6:      cheibriados_altar_1, minmay_temple_entry_crystal_x, serial_shops,
          shop, minmay_misc_feat_five
D:7:      lemuel_bear_cage, grunt_temple_overflow_order_and_chaos_1

Skill      XL: |  1  2  3  4  5  6  7  8  9 |
---------------+----------------------------+-----
Unarmed Combat | 4 5 6 7 |  7.9
Transmutations | 3 4 5 7 |  7.7
Spellcasting   | 3 4 5 6 |  6.4
Dodging        | 2 |  2.4
Fighting       | 2 |  2.1
Invocations    | 1 |  1.3

Action                   |  1- 3 |  4- 6 |  7- 9 || total
-------------------------+-------+-------+-------++-------
Melee: Unarmed           |   148 |   155 |   203 ||   506
       Dagger            |    17 |       |       ||    17
 Cast: Beastly Appendage |     4 |       |       ||     4
       Sticks to Snakes  |     3 |       |       ||     3
       Spider Form       |       |     7 |     4 ||    11
       Blade Hands       |       |       |     2 ||     2
 Abil: Evoke Berserk Rag |     1 |     2 |     2 ||     5
       Breathe Steam     |       |       |    14 ||    14
  Use: Scroll            |       |     2 |    13 ||    15
       Potion            |       |       |     1 ||     1
 Stab: Sleeping          |       |       |     1 ||     1
  Eat: Chunk             |     2 |     7 |    16 ||    25
       Beef jerky        |     1 |       |       ||     1
       Pizza             |       |     1 |     1 ||     2
       Royal jelly       |       |       |     1 ||     1
